 Dungeon Crawl Stone Soup version 0.28-b1-25-g9875b3fc8c (webtiles) character file.

Game seed: 9579425790347005297

12 sanka the Grasshopper (level 2, 17/17 HPs)
             Began as a Kobold Warper on Feb 7, 2022.
             Quit the game on level 1 of the Dungeon.
             The game lasted 00:00:34 (516 turns).

sanka the Grasshopper (Kobold Warper)                Turns: 516, Time: 00:00:34

Health: 17/17      AC:  3    Str:  8    XL:     2   Next: 45%
Magic:  5/5        EV: 14    Int: 14    God:
Gold:   0          SH:  0    Dex: 14    Spells: 5/5 levels left

rFire   . . .      SeeInvis .     - Unarmed
rCold   . . .      Faith    .   (no shield)
rNeg    . . .      Spirit   .   a - +0 leather armour
rPois   .          Reflect  .   (no helmet)
rElec   .          Harm     .   (no cloak)
rCorr   .          Rampage  .   (no gloves)
Will    .....                   (no boots)
Stlth   ++........              (no amulet)
HPRegen 0.05/turn               (no ring)
MPRegen 0.09/turn               (no ring)

@: no status effects
A: small, no large weapons, nightstalker 3
a: no special abilities


You were on level 1 of the Dungeon.
You visited 1 branch of the dungeon, and saw 1 of its levels.

Inventory:

Missiles
 c - 4 boomerangs of dispersal (quivered)
Armour
 a - a +0 leather armour (worn)
Scrolls
 b - a scroll of blinking
 e - a scroll of fog {unknown}
Potions
 d - a potion of attraction {unknown}


   Skills:
 - Level 2.1 Fighting
 - Level 1.1 Throwing
 - Level 0.7 Armour
 - Level 2.4 Dodging
 + Level 2.9 Unarmed Combat
 - Level 2.1 Spellcasting
 - Level 3.0 Translocations


You had 5 spell levels left.
You didn't know any spells.
Your spell library contained the following spells:

 Spells                   Type           Power      Damage    Failure   Level
 Blink                    Tloc           18%        N/A       14%         2
 Gell's Gravitas          Tloc           9%         N/A       28%         3
 Lesser Beckoning         Tloc           9%         N/A       28%         3
 Teleport Other           Tloc           9%         N/A       28%         3
 Manifold Assault         Tloc           9%         N/A       95%         5


Dungeon Overview and Level Annotations

Branches:
Dungeon (1/15)

Altars:


Innate Abilities, Weirdness & Mutations

You are small and have problems with some larger weapons.
You are completely attuned to the shadows.


Message History

You hit the ball python but do no damage.
Your punch misses the ball python.
The ball python is moderately wounded.
The ball python bites you but does no damage.
The ball python constricts you. The kobold hits you with a +0 dagger.
You escape the ball python's grasp.
You barely miss the ball python.
The ball python is moderately wounded.
The ball python bites you. The ball python grabs you.
The ball python constricts you. The ball python closely misses you.
The ball python constricts you.
You are too injured to fight recklessly!
You are too injured to fight recklessly!
You are too injured to fight recklessly!
You are too injured to fight recklessly!
You hit the ball python.
You kill the ball python!
You barely miss the kobold. The kobold hits you but does no damage.
You hit the kobold but do no damage. The kobold closely misses you.
You closely miss the kobold. You closely miss the kobold.
The kobold misses you.
You hit the kobold.
The kobold is heavily wounded.
The kobold closely misses you.
You hit the kobold but do no damage.
The kobold is heavily wounded.
The kobold hits you with a +0 dagger.
You hit the kobold.
You kill the kobold!
You barely miss the goblin. The goblin hits you with a +0 club.
* * * LOW HITPOINT WARNING * * *
You hit the goblin.
The goblin is severely wounded.
The goblin completely misses you.
You hit the goblin.
You kill the goblin!
Items here: ( )) ††.
You start resting.
HP restored.
Are you sure you want to abandon this character and quit the game? (Confirm with "yes".)

#.....#.#.#......†
#.........########
#............#....
####........###.#[###
.....#...#.####.#.# #
####.#...#.##.....#
#.#...#..#.....#
#)##....#......# #@#
##.....# .........
##..... ####.#...
#..... #.# .#


There were no monsters in sight!

Vanquished Creatures
  A dart slug (D:1)
  2 bats (D:1)
  3 goblins (D:1)
  A kobold (D:1)
  A ball python (D:1)
  A rat (D:1)
9 creatures vanquished.

Notes
Turn   | Place    | Note
-------+----------+-------------------------------------------
     0 | D:1      | sanka the Kobold Warper began the quest for the Orb.
     0 | D:1      | Reached XP level 1. HP: 12/12 MP: 3/3
   184 | D:1      | Reached XP level 2. HP: 17/17 MP: 5/5
   516 | D:1      | Quit the game

Illustrated notes

Levels and vault maps discovered:
D:1:      dpeg_arrival_houses_and_road, layout_loops_ring

Action                   || total
-------------------------++-------
Melee: Unarmed           ||    31
Throw: Boomerang         ||     1
 Stab: Sleeping          ||     1
Armor: Leather armour    ||     7
Dodge: Dodged            ||    15
